 Dungeon Crawl Stone Soup version 0.31-a0-408-gb642c7f9a3 (webtiles) character file.

Game seed: 4057111081846637419

45 shadowstone the Cudgeller (level 3, -4/22 HPs)
             Began as a Gargoyle Reaver on July 29, 2023.
             Slain by a worm (9 damage)
             ... on level 2 of the Dungeon.
             The game lasted 00:04:26 (3176 turns).

shadowstone the Cudgeller (Gargoyle Reaver)         Turns: 3176, Time: 00:04:27

Health: -4/22      AC:  6    Str: 17    XL:     3   Next: 64%
Magic:  6/6        EV: 11    Int: 13    God:
Gold:   87         SH:  3    Dex:  8    Spells: 5/6 levels left

rFire   . . .        e - +0 whip (venom)
rCold   . . .        k - +0 buckler
rNeg    + . .        b - +0 leather armour
rPois   ∞            (no helmet)
rElec   +            (no cloak)
rCorr   .            (no gloves)
SInv    .            (no boots)
Will    .....        (no amulet)
Stlth   +            (no ring)
HPRegen 0.23/turn    (no ring)
MPRegen 0.10/turn

%: no passive effects
@: no status effects
A: sickness immunity, AC +3, negative energy resistance 1, electricity
resistance, torment resistance 1, petrification resistance
a: no special abilities


You were on level 2 of the Dungeon.
You visited 1 branch of the dungeon, and saw 2 of its levels.

You collected 87 gold pieces.

Inventory:

Hand Weapons
 a - a +0 mace
 e - a +0 whip of venom (weapon)
Armour
 b - a +0 leather armour (worn)
 k - a +0 buckler (worn)
Scrolls
 d - a scroll of identify {unknown}
 f - 2 scrolls of teleportation {unknown}
 g - a scroll of fear {unknown}
 i - a scroll of enchant armour {unknown}
 j - a scroll of immolation {unknown}
Potions
 c - a potion of attraction {unknown}
 h - 2 potions of degeneration {unknown}


   Skills:
 + Level 2.3 Fighting
 + Level 3.5 Maces & Flails
 + Level 1.1 Armour
 + Level 1.9 Dodging
 + Level 0.5 Stealth
 + Level 2.2 Spellcasting
 + Level 3.4 Conjurations


You had 5 spell levels left.
You knew the following spells:

 Your Spells              Type           Power      Damage    Failure   Level
a - Kiss of Death         Conj/Necr      20%        2d7       21%         1

Your spell library contained the following spells:

 Spells                   Type           Power      Damage    Failure   Level
 Momentum Strike          Conj/Tloc      10%        3d8       30%         2
 Hailstorm                Conj/Ice       5%         3d4       52%         3


Dungeon Overview and Level Annotations

Branches:
Dungeon (2/15)

Altars:


Innate Abilities, Weirdness & Mutations

You are immune to sickness and miasma.
Your stone body is resilient. (AC +3)
You are immune to poison.
You resist negative energy. (rN+)
You are resistant to electric shocks. (rElec)
You are resistant to unholy torment.
You are immune to petrification.


Message History

The adder bites you.
You hit the adder.
The adder is severely wounded.
You block the giant cockroach's attack. The adder bites you but does no damage.
The worm bites you but does no damage.
You hit the adder.
You kill the adder!
The giant cockroach bites you but does no damage.
The giant cockroach barely misses you. The worm bites you.
You see here an adder corpse.
The giant cockroach closely misses you. x2
You closely miss the giant cockroach.
The giant cockroach bites you but does no damage.
You hit the giant cockroach.
The giant cockroach is almost dead.
The giant cockroach barely misses you. You block the giant cockroach's attack.
You hit the giant cockroach.
You kill the giant cockroach!
The worm bites you but does no damage.
You see here a giant cockroach corpse.
The worm barely misses you.
You see here an adder corpse.
You barely miss the worm. The worm bites you!
You hit the worm.
The worm is lightly wounded.
You barely miss the worm.
The worm is lightly wounded.
The worm barely misses you.
You barely miss the worm.
The worm is lightly wounded.
You barely miss the worm.
The worm is lightly wounded.
The worm bites you.
* * * LOW HITPOINT WARNING * * *
You hit the worm but do no damage.
The worm is poisoned.
The worm is lightly wounded.
You hit the worm.
The worm looks as sick as possible!
The worm is heavily wounded.
The worm bites you!
You die...

#.# #.# .######### #.#
.........############.###
...........†.............
............#########.###
............##### #.# #
.!..............# #.###
.######.@w.†....# #....
#..$......# #####
#.........# # #.........#
## #.........# ##.
#.........# ###..
#........?# ##...#
##############..###
########...##


You could see a worm (extremely poisoned).

Vanquished Creatures
  2 adders (D:2)
  A dart slug (D:1)
  3 ball pythons
  2 bats
  4 endoplasms
  A giant cockroach (D:2)
  2 hobgoblins
  A quokka (D:2)
  5 kobolds
  5 rats
26 creatures vanquished.

Notes
Turn   | Place    | Note
-------+----------+-------------------------------------------
     0 | D:1      | shadowstone the Gargoyle Reaver began the quest for the
                  | Orb.
     0 | D:1      | Reached XP level 1. HP: 12/12 MP: 3/3
   445 | D:1      | Reached XP level 2. HP: 13/15 MP: 5/5
  2778 | D:1      | You fall into a shaft and drop 1 floor!
  2804 | D:2      | Reached XP level 3. HP: 11/22 MP: 6/6
  3041 | D:2      | Reached skill level 1 in Armour
  3176 | D:2      | Slain by a worm

Illustrated notes

Levels and vault maps discovered:
D:1:      psy_arrival_basics, layout_loops_ring, kennysheep_pointless_box
D:2:      layout_basic, kennysheep_flooded_box

Skill      XL: |  1  2  3 |
---------------+----------+-----
Armour         | 1 |  1.1
Fighting       | |  2.3
Maces & Flails | |  3.5
Dodging        | |  1.9
Stealth        | |  0.5
Spellcasting   | |  2.2
Conjurations   | |  3.4

Action                     || total
---------------------------++-------
  Melee: Whip              ||    72
         Mace              ||     4
   Cast: Kiss of Death     ||     1
 Armour: Leather armour    ||    48
  Dodge: Dodged            ||    80
  Block: Buckler           ||     3

Table legend: (Time is in decaauts)
 A = Elapsed time spent in this place.
 B = Non-inter-level travel time spent in this place.
 C = Inter-level travel time spent in this place.
 D = Time resting spent in this place.
 E = Time spent auto-exploring this place.
 F = Levels seen in this place.
 G = Mean time per level.
                   A        B        C        D        E       F      G
               +--------+--------+--------+--------+--------+-----+--------+
         Total |   3172 |   3164 |      8 |   2314 |    219 |   2 | 1586.0 |
       Dungeon |   3172 |   3164 |      8 |   2314 |    219 |   2 | 1586.0 |
               +--------+--------+--------+--------+--------+-----+--------+

Top non-repeatable levels by time:
     D:1: 2777 daAuts
     D:2: 395 daAuts
